 Dungeon Crawl Stone Soup version 0.25.1-2-g60ff931df9 (webtiles) character file.

Game seed: 10569683217697326417

1643 soggyman666 the Shield-Bearer (level 8, -10/49 HPs)
             Began as a Gargoyle Fighter on Nov 3, 2020.
             Mangled by an ogre
             ... wielding a +0 giant spiked club
              (12 damage)
             ... on level 5 of the Dungeon.
             The game lasted 00:12:13 (5311 turns).

soggyman666 the Shield-Bearer (Gargoyle Fighter)    Turns: 5311, Time: 00:12:13

Health: -10/49     AC: 13    Str: 23    XL:     8   Next: 99%
Magic:  8/8        EV:  9    Int:  8    God:
Gold:   243        SH: 12    Dex:  9    Spells: 7/7 levels left

rFire    . . .     SeeInvis +   a - +0 war axe
rCold    . . .     Gourm    .   c - +1 kite shield
rNeg     + . .     Faith    .   b - +0 scale mail
rPois    ∞         Spirit   .   (no helmet)
rElec    +         Reflect  .   (no cloak)
rCorr    .         Harm     .   (no gloves)
MR       .....                  (no boots)
Stlth    ..........             (no amulet)
HPRegen  0.16/turn              i - ring of see invisible
MPRegen  0.11/turn              (no ring)

@: no status effects
A: negative energy resistance 1, electricity resistance, unbreathing,
petrification resistance, rot immunity, AC +5
a: no special abilities


You were on level 5 of the Dungeon.
You were very hungry.

You visited 1 branch of the dungeon, and saw 5 of its levels.

You collected 243 gold pieces.

Inventory:

Hand Weapons
 a - a +0 war axe (weapon)
Armour
 b - a +0 scale mail (worn)
 c - a +1 kite shield (worn)
Jewellery
 i - a ring of see invisible (left hand)
Scrolls
 m - a scroll of identify
 n - 3 scrolls of remove curse
 q - 3 scrolls of enchant armour
 s - a scroll of random uselessness {unknown}
Potions
 d - 4 potions of might
 e - 2 potions of stabbing {unknown}
 g - 5 potions of curing
 h - a potion of resistance
 j - a potion of ambrosia {unknown}
 k - 2 potions of degeneration {unknown}
 l - a potion of haste {unknown}
 o - 3 potions of heal wounds
 p - 2 potions of cancellation
 r - a potion of berserk rage {unknown}
Comestibles
 f - 5 rations


   Skills:
 + Level 5.2 Fighting
 + Level 6.2 Axes
 + Level 5.5 Armour
 + Level 2.6 Dodging
 + Level 0.8 Stealth
 + Level 7.2 Shields


You had 7 spell levels left.
You didn't know any spells.
Your spell library was empty.

Dungeon Overview and Level Annotations

Branches:
Dungeon (5/15)
 Temple: D:4-7

Altars:
Gozag
Ru
Xom


Innate Abilities, Weirdness & Mutations

You are resistant to torment.
Your stone body is resilient. (AC +5)
You are immune to poison.
You resist negative energy. (rN+)
You are resistant to electric shocks. (rElec)
You can survive without breathing.
You are immune to petrification.
You are immune to rotting.


Message History

You are too injured to fight recklessly!
You are too injured to fight recklessly!
Unknown command.
You closely miss the ogre.
The ogre is severely wounded.
You barely miss the ice beast. The ice beast hits you.
The ice beast freezes you!
* * * LOW HITPOINT WARNING * * *
The ice beast completely misses you.
You barely miss the ogre.
The ogre is severely wounded.
You hit the ice beast.
The ogre hits you with a +0 giant spiked club!
* * * LOW HITPOINT WARNING * * *
You block the ice beast's attack.
You hit the ogre.
The ogre is severely wounded.
You hit the ice beast.
The ogre hits you with a +0 giant spiked club!
You die...

#. #. #. ###. #. ... #.
#.+###############.
#..................
######..................
........................
#....O@...#########....
#....Y....# #....
#....#+#### #.... #....
#.... #... ##### ####


You could see an ice beast and an ogre.

Vanquished Creatures
  Eustachio (D:4)
  A wyvern (D:4)
  Sigmund (D:4)
  Menkaure (D:4)
  Edmund (D:4)
  3 phantoms
  2 ice beasts
  A bullfrog (D:4)
  A scorpion (D:4)
  A hound (D:5)
  A centaur skeleton (D:5)
  A bullfrog skeleton (D:5)
  2 orc wizards (D:5)
  3 worker ants
  Robin (D:2)
  3 gnolls (D:3)
  4 adders
  An ooze (D:4)
  A worm (D:2)
  A dart slug (D:4)
  2 leopard geckos
  6 orcs
  5 giant cockroaches
  15 goblins
  12 hobgoblins
  19 jackals
  7 kobolds
  2 quokkas (D:2)
  A ball python (D:1)
  8 bats
  2 frilled lizards
  A leopard gecko skeleton (D:5)
  3 rats
114 creatures vanquished.

Notes
Turn   | Place    | Note
-------+----------+-------------------------------------------
     0 | D:1      | soggyman666 the Gargoyle Fighter began the quest for the
                  | Orb.
     0 | D:1      | Reached XP level 1. HP: 14/14 MP: 1/1
    68 | D:1      | Reached XP level 2. HP: 18/19 MP: 2/2
   375 | D:1      | Reached XP level 3. HP: 23/24 MP: 3/3
  1125 | D:2      | Noticed Robin
  1152 | D:2      | Killed Robin
  1345 | D:2      | Found an opulent altar of Gozag.
  1419 | D:2      | Reached XP level 4. HP: 29/29 MP: 4/4
  1428 | D:2      | Reached skill level 4 in Shields
  1933 | D:2      | Noticed an ice beast
  2024 | D:2      | Killed an ice beast
  2024 | D:2      | Reached XP level 5. HP: 5/33 MP: 5/5
  2940 | D:3      | Reached XP level 6. HP: 31/38 MP: 6/6
  2944 | D:3      | Reached skill level 1 in Dodging
  3516 | D:4      | Noticed a phantom
  3526 | D:4      | Reached skill level 5 in Shields
  3551 | D:4      | Killed a phantom
  3685 | D:4      | Found a sacrificial altar of Ru.
  3747 | D:4      | Reached XP level 7. HP: 41/43 MP: 7/7
  4011 | D:4      | Noticed Sigmund
  4023 | D:4      | Killed Sigmund
  4023 | D:4      | Reached skill level 6 in Shields
  4124 | D:4      | Got a translucent hunting sling
  4144 | D:4      | Noticed Menkaure
  4149 | D:4      | Killed Menkaure
  4161 | D:4      | Reached XP level 8. HP: 27/48 MP: 8/8
  4303 | D:4      | Noticed Edmund
  4313 | D:4      | Killed Edmund
  4313 | D:4      | Reached skill level 5 in Axes
  4414 | D:4      | Noticed Eustachio
  4414 | D:4      | Noticed a wyvern
  4436 | D:4      | Killed a wyvern
  4436 | D:4      | Reached skill level 5 in Armour
  4437 | D:4      | Killed Eustachio
  4437 | D:4      | Reached skill level 5 in Fighting
  4587 | D:4      | Found a shimmering altar of Xom.
  4708 | D:5      | Entered Level 5 of the Dungeon
  4824 | D:5      | Reached skill level 7 in Shields
  5310 | D:5      | HP: 1/49 [ogre/+0 giant spiked club (8)]
  5311 | D:5      | Mangled by an ogre

Illustrated notes

Levels and vault maps discovered:
D:1:      saegor_arrival_simple_d, layout_basic
D:2:      layout_basic, first_ration, grunt_gozag_statues, uniq_robin
D:3:      layout_loops_ring
D:4:      layout_loops_cross, lemuel_coloured_pillars_altar,
          kennysheep_little_box, st_stairs_5, minmay_statues_item,
          uniq_eustachio, uniq_sigmund, uniq_edmund, uniq_menkaure
D:5:      layout_basic, gammafunk_temple_overflow_wave, lemuel_doored_altar,
          nicolae_tso_carved_into_rock

Skill      XL: |  1  2  3  4  5  6  7  8 |
---------------+-------------------------+-----
Axes           | 2 3 4 6 |  6.2
Shields        | 4 5 6 7 |  7.2
Fighting       | 4 5 |  5.2
Armour         | 4 5 |  5.5
Dodging        | 1 2 |  2.6
Stealth        | |  0.8

Action                   |  1- 3 |  4- 6 |  7- 9 || total
-------------------------+-------+-------+-------++-------
Melee: War axe           |   113 |   249 |   163 ||   525
  Use: Scroll            |       |    10 |       ||    10
       Potion            |       |       |     2 ||     2
  Eat: Chunk             |     2 |     4 |     1 ||     7
       Ration            |       |     1 |     1 ||     2
Armor: Scale mail        |    65 |   143 |    64 ||   272
Dodge: Dodged            |    45 |    97 |    57 ||   199
Block: Kite shield       |    62 |   175 |    85 ||   322
